 Dungeon Crawl Stone Soup version 0.20.1-1-g8b1a95d (webtiles) character file.

2257 papiloppo the Fighter (level 9, -13/81 HPs)
             Began as a Minotaur Berserker on Nov 2, 2017.
             Was an Elder of Trog.
             Mangled by Glamhuggeren's ghost (14 damage)
             ... on level 7 of the Dungeon.
             The game lasted 00:36:23 (7219 turns).

papiloppo the Fighter (Minotaur Berserker)          Turns: 7219, Time: 00:36:24

Health: -13/81     AC: 13    Str: 26    XL:     9   Next: 15%
Magic:  8/8        EV:  6    Int:  4    God:    Trog [****..]
Gold:   332        SH:  0    Dex:  9    Spells: 8/8 levels left

rFire    . . .     SeeInvis .   H - +2 hand axe (elec)
rCold    + . .     Gourm    .   (no shield)
rNeg     . . .     Faith    .   h - +1 plate armour
rPois    .         Spirit   .   (helmet restricted)
rElec    .         Reflect  .   o - +0 cloak
rCorr    .         Harm     .   (no gloves)
MR       .....                  g - +0 pair of boots
Stlth    ..........             (no amulet)
Regen    0.3/turn               l - ring of protection from cold
MPRegen  0.2/turn               (no ring)

@: berserk cooldown, slowed, extremely drained, very slow
A: retaliatory headbutt, horns 2
a: Berserk, Trog's Hand, Brothers in Arms, Burn Spellbooks, Renounce Religion


You were on level 7 of the Dungeon.
You worshipped Trog.
Trog was greatly pleased with you.
You were hungry.

You visited 1 branch of the dungeon, and saw 7 of its levels.

You collected 332 gold pieces.

Inventory:

Hand Weapons
 a - a +0 hand axe
 r - a +3 quarterstaff of chaos
 H - a +2 hand axe of electrocution (weapon)
Missiles
 f - 67 bolts
 q - 98 stones (quivered)
 y - 5 tomahawks of returning
Armour
 b - a +0 animal skin
 g - a +0 pair of boots (worn)
 h - a +1 plate armour (worn)
 o - a +0 cloak (worn)
 w - a +0 chain mail
 x - a +0 scale mail
Jewellery
 l - a ring of protection from cold (left hand)
Wands
 C - a wand of lightning (1/15)
 D - a wand of random effects (12/48)
Scrolls
 A - a scroll of blinking {unknown}
 B - 3 scrolls of fog
 E - a scroll of amnesia
 F - 3 scrolls of magic mapping
 I - a scroll of remove curse
Potions
 c - 5 potions of might
 e - 4 potions of flight
 j - a potion of agility
 k - 7 potions of curing
 m - a potion of berserk rage
 s - a potion of mutation {unknown}
 t - a potion of haste {unknown}
 u - a potion of invisibility {unknown}
 v - a potion of degeneration {unknown}
 z - a potion of resistance
Comestibles
 i - 7 meat rations
 n - 3 bread rations
 p - 2 royal jellies


   Skills:
 + Level 8.3(0.0) Fighting
 + Level 8.2(0.0) Axes
 + Level 7.2(0.0) Armour
 + Level 7.2(0.0) Dodging


You had 8 spell levels left.
You didn't know any spells.

Dungeon Overview and Level Annotations

Branches:
Dungeon (7/15)             Temple (0/1) D:6

Altars:
Trog
Yredelemnul

Shops:
D:4 *   D:5 !

Annotations:
D:7 Glamhuggeren's ghost, novice MiFi


Innate Abilities, Weirdness & Mutations

You reflexively headbutt those who attack you in melee.
You have a pair of horns on your head.


Message History

You are too injured to fight recklessly!
You are too injured to fight recklessly!
You are too injured to fight recklessly!
You are too injured to fight recklessly!
Unknown command.
Your plate armour prevents you from hitting Glamhuggeren's ghost.
Glamhuggeren's ghost is almost destroyed.
Glamhuggeren's ghost hits you.
You feel drained. Glamhuggeren's ghost hits you.
* * * LOW HITPOINT WARNING * * *
You feel drained.
* * * LOW HITPOINT WARNING * * *
You barely miss Glamhuggeren's ghost.
Your headbutt misses Glamhuggeren's ghost.
Glamhuggeren's ghost is almost destroyed.
Glamhuggeren's ghost hits you!
* * * LOW HITPOINT WARNING * * *
You feel drained.
* * * LOW HITPOINT WARNING * * *
Glamhuggeren's ghost hits you!
You die...

.........#.....
............)..
...............
#..............
#....)........
#<[..........
#............
#...W........
+....@.#.....
###.#########
#. ##


You could see Glamhuggeren's ghost.

Vanquished Creatures
  Pikel (D:6)
  Prince Ribbit (D:6)
  Grinder (D:3)
  Eustachio (D:5)
  2 ice beasts
  A slave (D:6)
  2 ogres
  A centaur (D:6)
  2 bullfrogs (D:6)
  A wyvern zombie (D:6)
  A crimson imp (D:5)
  Crazy Yiuf (D:3)
  3 orc priests
  A hound (D:4)
  2 orc wizards
  Jessica (D:3)
  5 worker ants
  A killer bee zombie (D:6)
  3 gnolls (D:4)
  11 adders
  2 shadow imps
  2 oozes
  3 worms
  A dart slug (D:4)
  3 leopard geckos
  24 orcs
  7 giant cockroaches
  10 hobgoblins
  7 jackals
  A quokka (D:3)
  2 ball pythons
  7 bats
  7 frilled lizards
  7 goblins
  13 kobolds
  2 leopard gecko zombies
  8 rats
  A plant (D:4)
149 creatures vanquished.

Vanquished Creatures (others)
  A slave (D:6)
  3 gnolls (D:6)
4 creatures vanquished.

Grand Total: 153 creatures vanquished

Notes
Turn   | Place    | Note
-------+----------+-------------------------------------------
     0 | D:1      | papiloppo the Minotaur Berserker began the quest for the Orb.
     0 | D:1      | Reached XP level 1. HP: 19/19 MP: 0/0
   380 | D:1      | Reached XP level 2. HP: 27/27 MP: 1/1
   685 | D:1      | Reached ** piety under Trog
  1140 | D:2      | Reached XP level 3. HP: 27/33 MP: 2/2
  1262 | D:1      | HP: 1/33 [worm (2)]
  1709 | D:2      | Found a basalt altar of Yredelemnul.
  1866 | D:2      | Reached XP level 4. HP: 30/41 MP: 3/3
  1893 | D:2      | Found a faded altar of an unknown god.
  2743 | D:3      | Noticed Jessica
  2761 | D:3      | Reached XP level 5. HP: 36/47 MP: 4/4
  2762 | D:3      | Killed Jessica
  2762 | D:3      | Reached skill level 5 in Axes
  2776 | D:3      | Reached skill level 5 in Fighting
  3056 | D:3      | Noticed Grinder
  3061 | D:3      | Reached *** piety under Trog
  3069 | D:3      | Killed Grinder
  3069 | D:3      | Reached XP level 6. HP: 47/56 MP: 5/5
  3730 | D:3      | Found a runed door.
  3862 | D:3      | Noticed Crazy Yiuf
  3872 | D:3      | Killed Crazy Yiuf
  4454 | D:4      | Found Siotupsait's Assorted Antiques.
  4478 | D:4      | Reached XP level 7. HP: 62/62 MP: 6/6
  4731 | D:4      | Found a bloodstained altar of Trog.
  5009 | D:5      | Entered Level 5 of the Dungeon
  5009 | D:5      | Found a glowing drain.
  5032 | D:5      | Reached **** piety under Trog
  5071 | D:5      | Found Mehiv's Distillery.
  5386 | D:5      | Noticed Eustachio
  5392 | D:5      | Reached skill level 5 in Dodging
  5421 | D:5      | Killed Eustachio
  5421 | D:5      | Reached skill level 5 in Armour
  5815 | D:5      | Got an ancient hand axe
  5826 | D:5      | Identified the +5 hand axe "Irchi" {freeze, Fragile +Inv rC+ Dex+3} (You found it on level 5 of the Dungeon)
  6001 | D:5      | Reached XP level 8. HP: 71/71 MP: 7/7
  6094 | D:6      | Received a gift from Trog
  6277 | D:6      | Found a staircase to the Ecumenical Temple.
  6511 | D:6      | Noticed Pikel
  6527 | D:6      | Killed Pikel
  6552 | D:6      | Reached XP level 9. HP: 66/81 MP: 8/8
  6618 | D:6      | Noticed Prince Ribbit
  6626 | D:6      | Killed Prince Ribbit
  6828 | D:7      | Noticed Glamhuggeren's ghost (novice MiFi)
  7219 | D:7      | HP: 4/81 [Glamhuggeren's ghost (16)]
  7219 | D:7      | HP: 1/81 [Glamhuggeren's ghost (3)]
  7219 | D:7      | Mangled by Glamhuggeren's ghost

Skill      XL: |  1  2  3  4  5  6  7  8  9 |
---------------+----------------------------+-----
Fighting       | 4 5 6 8 |  8.3
Axes           | 4 5 6 8 |  8.2
Armour         | 3 4 5 6 7 |  7.2
Dodging        | 3 4 5 6 7 |  7.2

Action                   |  1- 3 |  4- 6 |  7- 9 || total
-------------------------+-------+-------+-------++-------
Melee: Hand axe          |    86 |   164 |   219 ||   469
       Headbutt          |     9 |    26 |    40 ||    75
Invok: Berserk           |       |       |     1 ||     1
  Use: Scroll            |     4 |     5 |     3 ||    12
 Stab: Invisible         |       |     1 |       ||     1
  Eat: Bread ration      |     1 |       |       ||     1
       Fruit             |       |     3 |     6 ||     9
       Chunk             |       |     4 |     4 ||     8
Armor: Animal skin       |     4 |       |       ||     4
       Plate armour      |    55 |   119 |   107 ||   281
Dodge: Dodged            |    56 |    56 |    90 ||   202
